 Dungeon Crawl Stone Soup version 0.28-a0-1080-g05a166d0ed (webtiles) character file.

Game seed: 17277171539596793825

5544 yoda5477 the Slicer (level 10, -3/71 HPs)
             Began as a Demonspawn Fighter on Dec 8, 2021.
             Was a Follower of Wu Jian.
             Slain by a black bear (11 damage)
             ... on level 8 of the Dungeon on Dec 9, 2021.
             The game lasted 00:51:46 (9204 turns).

yoda5477 the Slicer (Demonspawn Fighter)            Turns: 9204, Time: 00:51:48

Health: -3/71      AC:  5    Str: 20    XL:     10   Next: 43%
Magic:  12/12      EV:  8    Int: 17    God:    Wu Jian [*.....]
Gold:   306        SH:  6    Dex: 12    Spells: 12/12 levels left

rFire   + . .      SeeInvis +   w - +1 dagger of Beempoq {vamp, rF+ Int+6}
rCold   . . .      Faith    .   c - +1 buckler
rNeg    . . .      Spirit   .   N - +0 chain mail
rPois   .          Reflect  .   x - +1 hat
rElec   .          Harm     .   (no cloak)
rCorr   .          Rampage  .   (no gloves)
Will    .....                   R - +1 pair of boots
Stlth   ..........              v - amulet of regeneration
HPRegen 1.01/turn               I - ring of see invisible
MPRegen 0.13/turn               (no ring)

@: corroded, studying Axes
A: horns 1, thin metallic scales 2, demonic magic 2
a: Renounce Religion


You were on level 8 of the Dungeon.
You worshipped Wu Jian.
Wu Jian was aware of your devotion.
You visited 2 branches of the dungeon, and saw 9 of its levels.

You collected 306 gold pieces.

Inventory:

Hand Weapons
 r - a +0 hunting sling
 w - the +1 dagger of Beempoq (weapon) {vamp, rF+ Int+6}
   (You found it on level 4 of the Dungeon)

   It occasionally heals its wielder for a portion of the damage dealt when it
   wounds a living foe.
   Int:       It affects your intelligence (+6).
   rF:        It protects you from fire.
 A - a +1 dagger of speed
 E - a +5 war axe
 G - a +0 short sword of protection
 V - the +7 quarterstaff "yoda5477's Peril" {pain, Dex+4}
   (You found it on level 8 of the Dungeon)

   In the hands of one skilled in necromantic magic, it inflicts extra damage on
   living creatures.
   Dex:       It affects your dexterity (+4).
Missiles
 f - 214 stones
 g - 71 sling bullets
 i - 46 bolts
 q - 12 poisoned darts (quivered)
 t - 85 arrows
 C - 2 javelins
 J - 4 silver boomerangs
 K - 5 atropa-tipped darts
 L - 5 datura-tipped darts
 T - a boomerang
Armour
 b - a +0 scale mail
 c - a +1 buckler (worn)
 x - a +1 hat (worn)
 N - a +0 chain mail (worn)
 R - a +1 pair of boots (worn)
Magical Staves
 k - a staff of conjuration
 U - a staff of earth
Jewellery
 n - the amulet of Kikubaaqudgha's Anger {Spirit rF+ rC++}
   (You found it on level 7 of the Dungeon)

   [amulet of guardian spirit]

   It causes incoming damage to be divided between your reserves of health and
   magic.
   rF:        It protects you from fire.
   rC:        It greatly protects you from cold.
 v - an amulet of regeneration (around neck)
 I - a ring of see invisible (left hand)
Wands
 S - a wand of iceblast (8)
Scrolls
 p - a scroll of teleportation
 y - 2 scrolls of fear
 D - a scroll of enchant weapon
 Q - a scroll of immolation {unknown}
Potions
 d - 3 potions of might
 e - a potion of resistance {unknown}
 h - 2 potions of magic
 j - a potion of curing {unknown}
 l - 2 potions of heal wounds {unknown}
 m - a potion of cancellation {unknown}
 o - a potion of flight {unknown}
 s - 2 potions of mutation {unknown}
 u - 2 potions of haste
 z - a potion of brilliance {unknown}
 B - a potion of degeneration {unknown}
 F - 4 potions of attraction
 H - a potion of ambrosia {unknown}
 M - a potion of invisibility {unknown}
 O - a potion of lignification {unknown}
 P - a potion of berserk rage {unknown}


   Skills:
 + Level 4.1 Fighting
 - Level 10.0 Short Blades
 - Level 4.9 Axes
 + Level 7.6 Armour
 - Level 4.0 Stealth
 - Level 4.0 Shields
 * Level 1.6 Spellcasting


You had 12 spell levels left.
You didn't know any spells.
Your spell library contained the following spells:

 Spells                   Type           Power      Damage    Failure   Level
 Shock                    Conj/Air       4%         1d3       85%         1
 Slow                     Hex            4%         N/A       85%         1
 Static Discharge         Conj/Air       1%         N/A       94%         2
 Confusing Touch          Hex            1%         N/A       99%         3
 Ignite Poison            Fire/Tmut/Pois 1%         N/A       99%         3
 Mephitic Cloud           Conj/Pois/Air  1%         N/A       99%         3
 Swiftness                Air            1%         N/A       99%         3
 Airstrike                Air            0%         N/A       100%        4
 Dispel Undead            Necr           1%         3d6       100%        4
 Sticky Flame             Conj/Fire      1%         2d3       100%        4
 Freezing Cloud           Conj/Ice/Air   0%         6-21      100%        5
 Yara's Violent Unravell  Hex/Tmut       0%         3d3       100%        5


Dungeon Overview and Level Annotations

Branches:
Dungeon (8/15)             Temple (1/1) D:6
   Lair: D:8-11

Altars:
Ashenzari
Cheibriados
Dithmenos
Elyvilon
Fedhas
Gozag
Hepliaklqana
Kikubaaqudgha
Makhleb
Okawaru
Qazlal
Ru
Trog
Uskayaw
Vehumet
Wu Jian
Yredelemnul
The Shining One

Shops:
D:6 ?

Annotations:
D:3 1 runed translucent door, exclusion: door, Crazy Yiuf
D:5 Menkaure


Innate Abilities, Weirdness & Mutations

You have a pair of small horns on your head.
You are mostly covered in thin metallic scales. (AC +3)
Spells you cast may paralyse nearby enemies.


Message History

You hit the acid dragon but do no damage.
Your headbutt misses the acid dragon.
The acid dragon is lightly wounded.
You completely miss the acid dragon. Your headbutt misses the acid dragon.
The acid dragon is lightly wounded.
The howler monkey hoots and howls with incredible vigour!
The acid dragon closely misses you. The acid dragon claws you.
You hear an angry hiss.
You hear a howl!
You completely miss the black bear. Your headbutt misses the black bear.
The black bear is severely wounded.
The black bear bites you.
The black bear claws you but does no damage.
The black bear closely misses you.
An ice beast comes into view.
The white imp shouts, "Take thy face hence, thou mewling fool-headed puttock!"
The black bear closely misses you. The black bear claws you.
You block the black bear's attack.
A water moccasin comes into view.
The water moccasin hisses angrily.
The black bear bites you.
The black bear claws you but does no damage.
The black bear claws you. The black bear completely misses you.
The black bear claws you but does no damage.
The black bear completely misses you. The acid dragon spits acid at you.
The splash of acid hits you!!
* * * LOW HITPOINT WARNING * * *
The acid corrodes you! You block the black bear's attack.
The black bear claws you.
* * * LOW HITPOINT WARNING * * *
The black bear claws you.
* * * LOW HITPOINT WARNING * * *
You spin and attack the black bear repeatedly.
You hit the black bear but do no damage.
The black bear is severely wounded.
You barely miss the black bear.
The black bear is severely wounded.
The black bear bites you!
You die...

...≈...#...#...#...........#####
...≈......###..............#
#+#≈.....#####D............#
#≈........h.......[........
#≈.......####..............
#≈.#.....5.....##.#........
#≈.#.......h....#.#........ #≈
#......Y.h............. #≈
#......S..@....####.
.....###........... #.....
#.........#. ...... #.........#
.... #.........# #.#######.....#
.......$......# .....#..#....##
.......<# .....


You could see a water moccasin, a black bear (berserk), an acid dragon (catching
breath), an ice beast, a howler monkey and a white imp.

Vanquished Creatures
  An ugly thing (D:6)
  A centaur zombie (D:8)
  A hornet (D:8)
  A slime creature (D:7)
  3 wyverns
  6 water moccasins
  A sky beast (D:7)
  A black bear (D:7)
  A hornet zombie (D:7)
  2 orc warriors
  8 ogres
  2 centaurs
  4 bullfrogs (D:7)
  3 scorpions
  2 wyvern skeletons (D:7)
  A killer bee (D:7)
  2 water moccasin skeletons (D:4)
  11 wights
  A jelly (D:5)
  6 hounds
  2 orc priests (D:7)
  3 bullfrog skeletons
  6 iguanas
  A centaur skeleton (D:4)
  9 orc wizards
  A killer bee zombie (D:7)
  A hound skeleton (D:4)
  A howler monkey zombie (D:8)
  Robin (D:3)
  7 gnolls
  2 adders
  2 shadow imps (D:7)
  A white imp (D:7)
  An adder skeleton (D:4)
  4 worms
  4 dart slugs
  21 orcs
  A bat (D:3)
  8 endoplasms
  3 giant cockroaches
  12 goblins
  8 hobgoblins
  13 kobolds
  4 quokkas
  8 ball pythons
  4 frilled lizards
  5 rats
191 creatures vanquished.

Vanquished Creatures (others)
  2 centaur zombies (D:8)
  2 fungi (D:3)
  A plant (D:7)
5 creatures vanquished.

Grand Total: 196 creatures vanquished

Notes
Turn   | Place    | Note
-------+----------+-------------------------------------------
     0 | D:1      | yoda5477 the Demonspawn Fighter began the quest for the
                  | Orb.
     0 | D:1      | Reached XP level 1. HP: 18/18 MP: 1/1
   112 | D:1      | Gained mutation: You are partially covered in thin metallic
                  | scales. (AC +2) [demonic ancestry]
   112 | D:1      | Reached XP level 2. HP: 17/24 MP: 2/2
   446 | D:1      | Found a faded altar of an unknown god.
   824 | D:1      | Gained mutation: Spells you cast may paralyse adjacent
                  | enemies. [demonic ancestry]
   824 | D:1      | Reached XP level 3. HP: 28/29 MP: 3/3
  1311 | D:2      | Found an iron altar of Okawaru.
  1367 | D:2      | Gained mutation: You are mostly covered in thin metallic
                  | scales. (AC +3) [demonic ancestry]
  1367 | D:2      | Reached XP level 4. HP: 23/35 MP: 4/4
  2081 | D:3      | You fall into a shaft and drop 2 floors!
  2081 | D:5      | Entered Level 5 of the Dungeon
  2133 | D:4      | Reached XP level 5. HP: 26/41 MP: 5/5
  2342 | D:4      | Identified the +1 dagger of Beempoq {vamp, rF+ Int+6}
  2511 | D:3      | Found a sacrificial altar of Ru.
  2603 | D:3      | Reached skill level 1 in Short Blades
  2697 | D:3      | Found a runed translucent door.
  2698 | D:3      | Noticed Crazy Yiuf
  2752 | D:3      | Noticed Robin
  3361 | D:3      | Killed Robin
  3362 | D:3      | Gained mutation: You have a pair of small horns on your
                  | head. [demonic ancestry]
  3362 | D:3      | Reached XP level 6. HP: 47/47 MP: 6/6
  3584 | D:3      | HP: 1/41 [wight (4)]
  3646 | D:3      | Reached skill level 2 in Short Blades
  3816 | D:4      | Reached skill level 3 in Short Blades
  3912 | D:4      | Reached XP level 7. HP: 48/52 MP: 7/7
  3987 | D:4      | Reached skill level 4 in Short Blades
  4132 | D:4      | Found an ancient bone altar of Kikubaaqudgha.
  4332 | D:3      | Reached skill level 5 in Short Blades
  4652 | D:5      | Found a broken altar of Ashenzari.
  4698 | D:5      | Noticed Menkaure
  4993 | D:4      | Reached skill level 6 in Short Blades
  4993 | D:4      | Reached XP level 8. HP: 54/58 MP: 8/8
  5133 | D:5      | Found a basalt altar of Yredelemnul.
  5484 | D:5      | Found a burning altar of Makhleb.
  5678 | D:6      | Found a radiant altar of Vehumet.
  6195 | D:6      | Reached skill level 7 in Short Blades
  6471 | D:6      | Found a staircase to the Ecumenical Temple.
  6514 | Temple   | Entered the Ecumenical Temple
  6614 | Temple   | Became a worshipper of the Wu Jian Council
  6764 | D:6      | Found Riac's Magic Scroll Shop.
  6923 | D:7      | Reached skill level 5 in Armour
  6932 | D:7      | Upgraded the game from 0.28-a0-1038-g9c4cb8273d to
                  | 0.28-a0-1080-g05a166d0ed
  7014 | D:7      | Found a bloodstained altar of Trog.
  7126 | D:7      | Gained mutation: Spells you cast may paralyse nearby
                  | enemies. [demonic ancestry]
  7126 | D:7      | Reached XP level 9. HP: 50/61 MP: 9/9
  7193 | D:7      | Reached skill level 1 in Stealth
  7559 | D:7      | Reached skill level 8 in Short Blades
  7697 | D:7      | Reached * piety under Wu Jian
  7938 | D:7      | Noticed a green ugly thing
  8019 | D:6      | Killed a green ugly thing
  8020 | D:6      | Reached skill level 9 in Short Blades
  8065 | D:7      | Reached XP level 10. HP: 57/71 MP: 10/10
  8125 | D:7      | Identified the amulet of Kikubaaqudgha's Anger {Spirit rF+
                  | rC++}
  8897 | D:8      | Reached skill level 1 in Spellcasting
  8963 | D:8      | Reached skill level 10 in Short Blades
  9163 | D:8      | Identified the +7 quarterstaff "yoda5477's Peril" {pain,
                  | Dex+4}
  9204 | D:8      | Slain by a black bear

Illustrated notes

Levels and vault maps discovered:
D:1:      evilmike_arrival_crescent, layout_loops_ring,
          shapermc_ecumenical_altar_totnotflames
D:2:      layout_rooms, basic_altar
D:3:      layout_rooms, nicolae_ru_great_annihilating_truth, uniq_robin,
          uniq_crazy_yiuf_cottage
D:4:      layout_loops_ring, nicolae_kikubaaqudgha_miasma_corner,
          grunt_ministairs_1, hangedman_minor_gate_pass
D:5:      layout_basic, nicolae_ashenzari_skybound, overflow_temple_1_default,
          kennysheep_mini_moat, uniq_menkaure
D:6:      layout_loops_ring, mainiacjoe_overflow_surrounded_room,
          minmay_temple_entry_trees, serial_shops, shop
D:7:      nzn_winding_woodlands_medium [nzn_winding_woodlands_5x5_default,
          nzn_winding_woodlands_5x15_pathside_ponds,
          nzn_winding_woodlands_5x5_closed_star,
          nzn_winding_woodlands_5x5_perimeter,
          nzn_winding_woodlands_center_lodge, nzn_winding_woodlands_5x5_default,
          nzn_winding_woodlands_hourglass,
          nzn_winding_woodlands_5x15_sidewinder,
          nzn_winding_woodlands_5x5_three], layout_loops_corners, bloody_trog
D:8:      cheibrodos_ideogram_h, layout_basic, nicolae_sif_muna_little_library,
          corner_web_ring, minmay_circle_x, uniq_maurice
Temple:   minmay_temple_curvy_loop

Skill      XL: |  1  2  3  4  5  6  7  8  9 10 |
---------------+-------------------------------+-----
Axes           | 2 3 4 |  4.9
Shields        | 3 4 |  4.0
Short Blades   | 1 3 6 7 9 10 | 10.0
Armour         | 3 5 6 7 |  7.6
Fighting       | 4 |  4.1
Stealth        | 3 4 |  4.0
Spellcasting   | 1 |  1.6

Action                   |  1- 3 |  4- 6 |  7- 9 | 10-12 || total
-------------------------+-------+-------+-------+-------++-------
Melee: War axe           |   103 |    61 |       |       ||   164
       Dagger            |       |   363 |   914 |   375 ||  1652
       Headbutt          |       |    17 |   195 |    60 ||   272
Throw: Stone             |     5 |     2 |       |       ||     7
       Dart              |       |     3 |     8 |       ||    11
Invok: Lunge             |       |       |    14 |    11 ||    25
       Whirlwind         |       |       |    13 |   114 ||   127
  Use: Scroll            |       |       |     9 |     1 ||    10
 Stab: Invisible         |       |     1 |       |       ||     1
       Paralysed         |       |     1 |       |       ||     1
Armor: Scale mail        |    42 |   196 |    56 |       ||   294
       Chain mail        |       |       |   184 |   121 ||   305
Dodge: Dodged            |    38 |   186 |   191 |    76 ||   491
Block: Buckler           |    17 |    87 |   135 |    65 ||   304

Table legend: (Time is in decaauts)
 A = Elapsed time spent in this place.
 B = Non-inter-level travel time spent in this place.
 C = Inter-level travel time spent in this place.
 D = Time resting spent in this place.
 E = Time spent auto-exploring this place.
 F = Levels seen in this place.
 G = Mean time per level.
                   A        B        C        D        E       F      G
               +--------+--------+--------+--------+--------+-----+--------+
         Total |   8930 |   8633 |    297 |   1357 |   3174 |   9 |  992.2 |
       Dungeon |   8701 |   8429 |    272 |   1357 |   2983 |   8 | 1087.6 |
        Temple |    228 |    203 |     25 |      0 |    191 |   1 |  228.0 |
               +--------+--------+--------+--------+--------+-----+--------+

Top non-repeatable levels by time:
     D:7: 1643 daAuts
     D:4: 1281 daAuts
     D:1: 1185 daAuts
     D:2: 1126 daAuts
     D:3: 1111 daAuts
     D:5: 1060 daAuts
     D:6: 877 daAuts
     D:8: 415 daAuts
  Temple: 228 daAuts
